 Dungeon Crawl Stone Soup version 0.32-a0-918-g0f22ef8d61 (webtiles) character file.

Game seed: 10264963168111263111

280 HilariousDeathArtist the Magician (level 6, 0/45 HPs)
             Began as a Mountain Dwarf Conjurer on Apr 10, 2024.
             Was an Initiate of Gozag.
             Slain by an ogre
             ... wielding a +0 giant club
              (28 damage)
             ... on level 4 of the Dungeon.
             The game lasted 00:04:00 (3604 turns).

HilariousDeathArtist the Magician (MDCj)            Turns: 3604, Time: 00:04:01

Health: 0/45       AC:  8    Str: 10    XL:     6   Next: 5%
Magic:  11/14      EV: 10    Int: 20    God:    Gozag
Gold:   54         SH:  0    Dex:  8    Spells: 12/15 levels left

rFire   . . .        l - +3 whip
rCold   . . .        (no shield)
rNeg    . . .        e - +2 robe {Will+}
rPois   .            (no helmet)
rElec   .            (no cloak)
rCorr   .            (no gloves)
SInv    .            (no boots)
Will    +....        (no amulet)
Stlth   +            Q - +2 ring of slaying
HPRegen 0.27/turn    A - +4 ring of protection
MPRegen 0.14/turn

%: no passive effects
@: no status effects
A: runic magic, artefact enchanting
a: Renounce Religion, Potion Petition, Call Merchant, Bribe Branch


You were on level 4 of the Dungeon.
You worshipped Gozag.
Gozag was noncommittal.
You visited 2 branches of the dungeon, and saw 5 of its levels.

You collected 241 gold pieces.
You spent 120 gold pieces at shops.
You paid 67 gold pieces to Gozag.

Inventory:

Hand Weapons
 c - a +0 club
   (You found it on level 1 of the Dungeon)
 d - a +0 trident
   (You found it on level 1 of the Dungeon)
 l - a +3 whip (weapon)
   (You found it on level 2 of the Dungeon)
Missiles
 f - 5 boomerangs
 s - 33 stones
Armour
 e - a +2 robe of willpower (worn)
   (You found it on level 1 of the Dungeon)
 i - the +3 plate armour "Kociquda" {Harm rCorr}
   (You found it on level 2 of the Dungeon)

   rCorr:     It protects you from acid and corrosion.
   Harm:      It increases damage dealt and taken.
 k - the +1 chain mail of the Barnacle {rC- rN++ Dex+5}
   (You found it on level 2 of the Dungeon)

   Dex+5:     It affects your dexterity (+5).
   rC-:       It makes you vulnerable to cold.
   rN++:      It greatly protects you from negative energy.
Jewellery
 A - a +4 ring of protection (right hand)
   (You found it on level 4 of the Dungeon)
 P - a ring of poison resistance {rPois, !d}
   (You found it on level 2 of the Dungeon)
 Q - a +2 ring of slaying (left hand)
   (You bought it in a shop on level 3 of the Dungeon)
Scrolls
 a - a scroll of poison {!r}
 g - a scroll of brand weapon {unknown}
 j - 2 scrolls of noise {unknown}
 n - a scroll of fog {unknown}
 o - a scroll of revelation {unknown}
 E - a scroll of fear
 Y - 5 scrolls of teleportation {@r3}
Potions
 b - 2 potions of heal wounds {unknown}
 h - a potion of cancellation {unknown}
 m - a potion of invisibility {unknown}
 B - a potion of brilliance
 M - a potion of magic


   Skills:
 - Level 1.3 Dodging
 - Level 1.4 Stealth
 + Level 5.4 Spellcasting
 - Level 3.6 Conjurations


You had 12 spell levels left.
You knew the following spells:

 Your Spells              Type           Power      Damage    Failure   Level
a - Magic Dart            Conj           76%        1d6       2%          1
b - Searing Ray           Conj           38%        2d5       3%          2

Your spell library contained the following spells:

 Spells                   Type           Power      Damage    Failure   Level
 Sandblast                Erth           10%        2d5       11%         1
 Slow                     Hex            20%        N/A       11%         1
 Stone Arrow              Conj/Erth      24%        3d8       16%         3
 Inner Flame              Hex/Fire       5%         N/A       32%         3
 Brom's Barrelling Bould  Conj/Erth      12%        2d4       47%         4
 Fulminant Prism          Conj/Alch      6%         3d6       47%         4
 Iskenderun's Mystic Bla Conj/Tloc 12%            2d5        (+2d2     47%         4
 Alistair's Intoxication  Alch           3%         N/A       97%         5
 Borgnjor's Vile Clutch   Necr/Erth      2%         N/A       97%         5
 Summon Mana Viper        Hex/Summ       5%         N/A       97%         5
 Eringya's Noxious Bog    Alch           2%         4d6       100%        6
 Summon Hydra             Summ           2%         N/A       100%        7


Dungeon Overview and Level Annotations

Branches:
Dungeon (4/15)             Temple (1/1) D:4

Altars:
Ashenzari
Cheibriados
Dithmenos
Elyvilon
Gozag
Hepliaklqana
Kikubaaqudgha
Qazlal
Ru
Sif Muna
Trog
Uskayaw
Wu Jian
Xom
Zin
The Shining One

Shops:
D:3 =

Annotations:
D:2 Natasha


Innate Abilities, Weirdness & Mutations

Your spellcasting is much less encumbered by armour.
You can use scrolls of enchantment on lesser artefacts.


Message History

Throw: 5 boomerangs
Press: ? - help, Shift-Dir - straight line, f/p - black bear
Aim: a black bear (lightly wounded, 61% to hit)
You throw a boomerang. The boomerang hits the black bear!
Throw: 5 boomerangs
Press: ? - help, Shift-Dir - straight line, f/p - black bear
Aim: a black bear (heavily wounded, 61% to hit)
You throw a boomerang. The boomerang hits the black bear.
Throw: 5 boomerangs
Press: ? - help, Shift-Dir - straight line, f/p - black bear
Aim: a black bear (heavily wounded, 61% to hit)
You throw a boomerang. The boomerang hits the black bear.
The black bear goes berserk!
Throw: 5 boomerangs
Press: ? - help, Shift-Dir - straight line, f/p - black bear
Aim: a black bear (severely wounded, berserk, 61% to hit)
You throw a boomerang.
The boomerang barely misses the black bear.
The black bear is engulfed in poison gas.
The black bear is poisoned.
The black bear barely misses you.
The black bear claws you but does no damage.
The black bear barely misses you.
Throw: 5 boomerangs
Press: ? - help, Shift-Dir - straight line, f/p - black bear
Aim: a black bear (poison gas, almost dead, berserk, poisoned, 61% to hit)
You throw a boomerang.
The boomerang hits the black bear but does no damage.
The black bear is engulfed in poison gas.
The black bear looks even sicker.
You kill the black bear!
Your Spellcasting skill increases to level 5!
You now have 38 gold pieces (gained 3).
Found a stone staircase leading down.
You now have 46 gold pieces (gained 8).
MP restored: 12 You now have 54 gold pieces (gained 8).
You see here a scroll of poison {!r}.
There is an open door here.
s - 33 stones (gained 5)
There is an open door here.
There is a stone staircase leading up here.
Found an escape hatch in the floor.
An iguana comes into view.
The magic dart hits the iguana but does no damage.
You now have 11/12 mp.
The magic dart hits the iguana but does no damage.
You now have 10/12 mp.
The magic dart hits the iguana but does no damage.
You now have 9/12 mp.
The magic dart hits the iguana but does no damage.
You now have 8/12 mp.
The magic dart hits the iguana.
You now have 7/12 mp.
You hit the iguana. The iguana closely misses you.
You hit the iguana. The iguana bites you.
You take 6 damage, and have 32/38 hp.
You hit the iguana but do no damage. The iguana bites you!
You take 7 damage, and have 25/38 hp.
You whack the iguana! The iguana barely misses you.
You hit the iguana but do no damage. The iguana bites you! x2
* * * LOW HITPOINT WARNING * * *
You take 20 damage, and have 6/38 hp.
MASSIVE DAMAGE!!
You are too injured to fight recklessly!
Unknown command.
You whack the iguana!
You kill the iguana!
You have reached level 6!
Search for what [Enter for "goz", or ? for help]? pois You see here a +0 leather armour.
You see here a +0 dagger.
You see here a scroll of poison {!r}.
You regained 9 hp, and now have 16/45 hp.
You regained 4 mp, and now have 13/14 mp.
a - a scroll of poison {!r} MP restored: 14
There is an open door here.
An ogre is nearby!
An ogre is nearby!
Health restored: 45 An ogre is nearby!
An ogre is nearby!
The magic dart hits the ogre.
The ogre shouts!
You hear an angry hiss.
You now have 13/14 mp.
The magic dart hits the ogre.
A ball python comes into view.
You now have 12/14 mp.
The magic dart hits the ogre.
You now have 11/14 mp.
You hit the ogre. The ogre hits you with a +0 giant club!
You take 16 damage, and have 29/45 hp.
MASSIVE DAMAGE!!
You hit the ogre. The ogre hits you with a +0 giant club.
You take 1 damage, and have 28/45 hp.
You barely miss the ogre.
The ogre hits you with a +0 giant club!!
Ouch! That really hurt!
You die...
Your body crumbles into a pile of gold.

####.### #.######.#
......# #......#.#
####..#########.#.#
...........>#.#.#.#
.###........'...#.#
.# #...)....#.###.#
.###........#.# #..
.........####.######
.####.#.## #...@OS#
.##...#.# ######.#
###.###.# .. #.....#
... ####### ... .. .


You could see an ogre and a ball python.

Vanquished Creatures
  A black bear (D:4)
  A bombardier beetle (D:3)
  An orc priest (D:3)
  An iguana (D:4)
  4 adders
  2 dart slugs
  5 orcs
  5 ball pythons
  7 endoplasms
  2 giant cockroaches (D:3)
  6 goblins
  A hobgoblin (D:1)
  6 jackals
  2 quokkas
  5 bats
  3 frilled lizards
  4 kobolds
  4 rats
60 creatures vanquished.

Notes
Turn   | Place    | Note
-------+----------+-------------------------------------------
     0 | D:1      | HilariousDeathArtist the Mountain Dwarf Conjurer began the
                  | quest for the Orb.
     0 | D:1      | Reached XP level 1. HP: 14/14 MP: 3/3
   181 | D:1      | Reached skill level 2 in Spellcasting
   213 | D:1      | Reached XP level 2. HP: 17/20 MP: 3/5
   771 | D:1      | Reached skill level 3 in Spellcasting
   948 | D:2      | Learned a level 2 spell: Searing Ray
   956 | D:2      | Reached XP level 3. HP: 26/26 MP: 5/7
   960 | D:2      | Identified the +3 plate armour "Kociquda" {Harm rCorr}
  1230 | D:2      | Identified the +1 chain mail of the Barnacle {rC- rN++
                  | Dex+5}
  1325 | D:2      | Got the Discourse on the Swarm and Hexes
  1474 | D:2      | Noticed Natasha
  1956 | D:3      | Reached XP level 4. HP: 26/33 MP: 4/9
  2153 | D:3      | Found Fofamp's One-of-a-Kind Rings.
  2206 | D:3      | Reached skill level 4 in Spellcasting
  2237 | D:3      | Found a faded altar of an unknown god.
  2379 | D:3      | Bought a +2 ring of slaying for 120 gold pieces
  2510 | D:3      | Found a glowing silver altar of Zin.
  2572 | D:3      | Found a glowing golden altar of the Shining One.
  2579 | D:3      | Found a stormy altar of Qazlal.
  2579 | D:3      | Found a bloodstained altar of Trog.
  2594 | D:3      | Found a broken altar of Ashenzari.
  2875 | D:4      | Noticed an ogre
  2932 | D:4      | Reached XP level 5. HP: 38/38 MP: 6/11
  3077 | D:4      | Found a staircase to the Ecumenical Temple.
  3087 | Temple   | Entered the Ecumenical Temple
  3103 | Temple   | Became a worshipper of Gozag Ym Sagoz the Greedy
  3262 | D:4      | Noticed a black bear
  3280 | D:4      | Killed a black bear
  3281 | D:4      | Reached skill level 5 in Spellcasting
  3445 | D:4      | HP: 6/38 [iguana (8)]
  3447 | D:4      | Reached XP level 6. HP: 7/45 MP: 9/14
  3604 | D:4      | Slain by an ogre

Illustrated notes

Levels and vault maps discovered:
D:1:      dpeg_arrival_pits, layout_basic, patterned_corridor
D:2:      layout_loops_ring, uniq_natasha
D:3:      layout_rooms, nicolae_overflow_hallway_of_the_gods,
          basic_ecumenical_altar, grunt_ministairs_9, nicolae_shop_unique_rings
D:4:      layout_basic, minmay_temple_entry_sparse_star
Temple:   nicolae_temple_bog_church

Skill      XL: |  1  2  3  4  5 |
---------------+----------------+-----
Spellcasting   | 2 3 4 5 |  5.4
Dodging        | |  1.3
Stealth        | |  1.4
Conjurations   | |  3.6

Action                     |  1- 3 |  4- 6 || total
---------------------------+-------+-------++-------
  Melee: Trident           |    55 |       ||    55
         Unarmed           |     1 |       ||     1
         Whip              |    11 |    29 ||    40
  Throw: Boomerang         |       |     7 ||     7
   Cast: Magic Dart        |    48 |    56 ||   104
    Use: Scroll            |     3 |     2 ||     5
   Stab: Sleeping          |     2 |       ||     2
 Armour: Robe              |    44 |    20 ||    64
  Dodge: Dodged            |    26 |     9 ||    35

Table legend: (Time is in decaauts)
 A = Elapsed time spent in this place.
 B = Non-inter-level travel time spent in this place.
 C = Inter-level travel time spent in this place.
 D = Time resting spent in this place.
 E = Time spent auto-exploring this place.
 F = Levels seen in this place.
 G = Mean time per level.
                   A        B        C        D        E       F      G
               +--------+--------+--------+--------+--------+-----+--------+
         Total |   3621 |   3340 |    281 |      0 |   2919 |   5 |  724.2 |
       Dungeon |   3597 |   3335 |    262 |      0 |   2919 |   4 |  899.2 |
        Temple |     23 |      4 |     19 |      0 |      0 |   1 |   23.0 |
               +--------+--------+--------+--------+--------+-----+--------+

Top non-repeatable levels by time:
     D:3: 997 daAuts
     D:1: 960 daAuts
     D:2: 930 daAuts
     D:4: 709 daAuts
  Temple: 23 daAuts

Levels and vault maps discovered:
D:1:      dpeg_arrival_pits, layout_basic, patterned_corridor
D:2:      layout_loops_ring, uniq_natasha
D:3:      layout_rooms, nicolae_overflow_hallway_of_the_gods,
          basic_ecumenical_altar, grunt_ministairs_9, nicolae_shop_unique_rings
D:4:      layout_basic, minmay_temple_entry_sparse_star
Temple:   nicolae_temple_bog_church

Table legend: (Time is in decaauts)
 A = Elapsed time spent in this place.
 B = Non-inter-level travel time spent in this place.
 C = Inter-level travel time spent in this place.
 D = Time resting spent in this place.
 E = Time spent auto-exploring this place.
 F = Levels seen in this place.
 G = Mean time per level.
                   A        B        C        D        E       F      G
               +--------+--------+--------+--------+--------+-----+--------+
         Total |   3621 |   3340 |    281 |      0 |   2919 |   5 |  724.2 |
       Dungeon |   3597 |   3335 |    262 |      0 |   2919 |   4 |  899.2 |
        Temple |     23 |      4 |     19 |      0 |      0 |   1 |   23.0 |
               +--------+--------+--------+--------+--------+-----+--------+

Top non-repeatable levels by time:
     D:3: 997 daAuts
     D:1: 960 daAuts
     D:2: 930 daAuts
     D:4: 709 daAuts
  Temple: 23 daAuts

Table legend:
 A = Kills in this place as a percentage of kills in the entire game.
 B = Kills by you in this place as a percentage of kills by you in the entire game.
 C = Kills by friends in this place as a percentage of kills by friends in the entire game.
 D = Other kills in this place as a percentage of other kills in the entire game.
 E = Experience gained in this place as a percentage of experience gained in the entire game.
 F = Experience gained in this place divided by the number of levels of this place that you have seen.
                   A       B       C       D       E      F
               +-------+-------+-------+-------+-------+----------------------
         Total | 100.0 | 100.0 |   N/A |   N/A | 100.0 |  80.0
       Dungeon | 100.0 | 100.0 |   N/A |   N/A | 100.0 | 100.0
               +-------+-------+-------+-------+-------+----------------------
